Map: Dasan Station LE

Players

salva - Winner!

  • Race: Terran Terran
  • League: Bronze

Gracz

  • Race: Protoss Protoss
  • League: Bronze

VOD

Have the link to the VOD?

Description

Time

  • Played on: Aug. 31, 2016, 11:02 a.m.
  • Length: 21:40
Show
View Real Time Build Order
Export as new Build Order

salva Terran - Winner!

Build Orders:  

Get SALT Encoding   

  12  0:12  Supply Depot  
  12  0:22  SCV  
  13  0:34  SCV  
  14  0:41  Barracks  
  14  0:43  Refinery  
  14  0:46  SCV  
  15  0:58  SCV  
  16  1:04  Barracks  
  16  1:10  SCV  
  17  1:22  SCV  
  18  1:31  Marine  
  19  1:49  Marine  
  20  2:03  SCV  
  21  2:15  SCV  
  22  2:26  Marine  
  23  2:37  Supply Depot  
  23  2:49  Factory  
  23  2:59  Marine x2  
  25  3:17  Bunker, Marine x2  
  27  3:34  Marine x2  
  27  3:38  Supply Depot  
  29  3:43  Starport  
  29  3:52  Marine x2  
  31  4:04  Barracks, Engineering Bay  
  31  4:10  Marine x2  
  31  4:11  Supply Depot, SCV  
  34  4:23  SCV  
  35  4:24  Starport Reactor  
  35  4:28  Marine x2  
  37  4:33  Refinery  
  37  4:35  SCV  
  38  4:44  Missile Turret  
  38  4:46  Marine x2  
  40  4:53  Factory Tech Lab  
  40  4:58  Supply Depot  
  40  5:03  Marine x2  
  40  5:06  Orbital Command  
  42  5:15  Medivac  
  44  5:21  Marine  
  44  5:25  Siege Tank  
  48  5:39  Supply Depot  
  48  5:42  Medivac  
  50  5:49  Barracks Reactor  
  50  5:51  Marine  
  50  5:52  Marine  
  52  6:08  Medivac  
  52  6:09  Marine  
  52  6:10  Marine  
  56  6:28  Marine  
  56  6:29  Marine x2  
  56  6:31  Missile Turret  
  60  6:34  Barracks Tech Lab  
  59  6:47  Marine x2  
  61  7:07  Missile Turret  
  61  7:11  Missile Turret  
  61  7:13  Supply Depot  
  61  7:17  Barracks Reactor  
  61  7:18  Marine x2  
  61  7:20  Combat Shields  
  63  7:31  Marauder  
  63  7:36  Marine x2  
  67  7:48  Medivac  
  67  7:49  Medivac  
  71  7:52  Marauder  
  71  7:53  Marine  
  71  7:54  Marine  
  71  7:58  Missile Turret  
  75  8:11  Marine x2  
  77  8:18  Supply Depot  
  77  8:29  Marine x2  
  79  8:40  Siege Tank  
  81  9:01  Armory  
  77  9:12  Siege Tank  
  80  10:09  Siege Tank  
  83  10:18  Marine x2  
  83  10:19  Marine  
  83  10:20  Marine  
  87  10:54  Command Center  
  87  11:04  Missile Turret  
  87  11:13  Marine x4  
  91  11:20  Thor  
  97  11:30  Marine x4  
  101  11:46  Missile Turret  
  101  11:48  Marine x2  
  103  12:06  Marine x4  
  107  12:11  SCV  
  107  12:23  SCV  
  107  12:24  Marine x2  
  110  12:41  Marine x2  
  112  12:49  Terran Vehicle Weapons Level 1  
  112  12:51  Terran Infantry Weapons Level 1  
  112  13:13  Refinery  
  112  13:17  Refinery  
  112  13:20  Marine x2  
  112  13:21  Marine  
  112  13:22  Marine  
  116  13:38  Marine  
  116  13:39  Marine  
  116  13:41  Marine  
  118  14:04  Marine  
  118  14:05  Siege Tank, Marauder  
  124  14:26  Marauder  
  126  14:37  Siege Tank  
  129  14:52  Viking x2  
  132  14:56  Marine x2  
  132  14:58  Marauder  
  101  15:08  Thor  
  101  15:13  Marine  
  97  15:14  Marine  
  95  15:31  Marine  
  96  15:51  Thor  
  96  15:52  Marine x2  
  96  15:53  Marine  
  96  15:54  Marine  
  106  16:09  Marine  
  106  16:10  Marine  
  108  16:11  Marine  
  108  16:12  Marine  
  110  16:27  Marine  
  110  16:28  Marine  
  110  16:29  Marine  
  110  16:30  Marine  
  114  16:32  Orbital Command  
  114  16:45  Marine  
  114  16:46  Marine  
  116  16:47  Marine x2  
  118  17:05  Marine x2  
  118  17:07  Marine x2  
  118  17:08  Marine  
  123  17:11  Hellion  
  123  17:23  Marine x2  
  123  17:25  Marine x2  
  123  17:26  Marine  
  125  17:33  Hellion  
  127  17:40  Marine  
  127  17:41  Marine  
  127  17:42  Marine  
  127  17:44  Marine  
  131  17:54  Hellion  
  133  18:01  Marine  
  134  18:11  Orbital Command  
  134  18:33  Marine  
  134  18:37  Hellion  
  131  18:58  Hellion  
  128  19:37  Marine  
  128  19:38  Marine  
  129  19:39  Marine x2  
  129  19:43  Marauder  
  134  19:55  Marine  
  134  19:56  Marine  
  134  19:57  Hellion, Marine x2  
  140  20:04  Marauder  
  142  20:13  Marine  
  142  20:14  Marine  
  143  20:15  Marine x2  
  143  20:18  Hellion  
  148  20:25  Marauder  
  150  20:31  Marine  
  150  20:32  Marine  
  150  20:33  Marine  
  153  20:39  Hellion  
  155  20:47  Marauder  
Show
View Real Time Build Order
Export as new Build Order

Gracz Protoss 

Build Orders: Cannon Rush 

Get SALT Encoding   

  12  0:03  Probe (Chrono Boost)  
  13  0:36  Probe (Chrono Boost)  
  13  0:37  Pylon  
  14  0:46  Probe (Chrono Boost)  
  15  0:57  Forge  
  15  1:10  Pylon  
  15  1:16  Pylon  
  15  1:32  Photon Cannon  
  15  1:37  Photon Cannon  
  15  1:44  Photon Cannon  
  14  1:58  Probe (Chrono Boost)  
  14  2:00  Assimilator  
  14  2:05  Gateway  
  15  2:08  Probe (Chrono Boost)  
  15  2:19  Probe (Chrono Boost)  
  16  2:29  Probe (Chrono Boost)  
  17  2:30  Gateway  
  17  2:39  Gateway  
  17  2:40  Probe (Chrono Boost)  
  18  2:51  Assimilator, Probe (Chrono Boost)  
  19  2:55  Zealot  
  21  3:01  Probe (Chrono Boost)  
  22  3:18  Cybernetics Core  
  22  3:28  Pylon  
  22  3:32  Pylon  
  22  3:48  Zealot  
  22  3:49  Zealot x2  
  28  4:01  Mothership Core (Chrono Boost)  
  30  4:21  Twilight Council  
  30  4:26  Probe (Chrono Boost)  
  31  4:36  Probe (Chrono Boost)  
  32  4:40  Nexus  
  32  4:42  Stalker  
  34  4:47  Warp Gate, Probe (Chrono Boost)  
  35  5:09  Assimilator  
  35  5:15  Assimilator  
  35  5:18  Pylon  
  35  5:26  Gateway  
  35  5:29  Gateway  
  36  5:37  Probe (Chrono Boost)  
  36  5:49  Probe (Chrono Boost)  
  37  5:54  Probe (Chrono Boost)  
  38  6:01  Probe (Chrono Boost)  
  40  6:04  Probe (Chrono Boost)  
  40  6:15  Probe (Chrono Boost)  
  41  6:25  Probe (Chrono Boost)  
  42  6:36  Probe (Chrono Boost)  
  44  7:09  Probe x2 (Chrono Boost)  
  44  7:14  Adept x2  
  49  7:17  Adept x3  
  49  7:19  Probe (Chrono Boost)  
  49  7:21  Probe (Chrono Boost)  
  57  7:31  Protoss Ground Weapons Level 1  
  57  7:35  Blink  
  57  7:51  Dark Shrine  
  57  7:54  Probe (Chrono Boost)  
  58  8:05  Probe (Chrono Boost)  
  59  8:06  Sentry  
  61  8:14  Pylon  
  61  8:15  Probe (Chrono Boost)  
  61  8:17  Pylon  
  62  8:20  Pylon  
  54  9:30  Stalker x2  
  54  9:31  Stalker x3  
  62  9:36  Charge  
  62  9:41  Pylon  
  62  9:44  Pylon  
  62  9:47  Pylon  
  62  9:54  Gateway  
  62  9:55  Gateway  
  62  9:57  Gateway  
  62  9:58  Gateway x2  
  62  10:00  Gateway  
  62  10:03  Stalker x3  
  62  10:04  Stalker  
  62  10:06  Dark Templar  
  72  10:24  Stargate  
  72  10:28  Stargate  
  72  10:30  Stargate  
  72  11:10  Stalker  
  72  11:11  Stalker x2  
  76  11:14  Stalker x2  
  76  11:15  Stalker x3  
  76  11:16  Stalker x3  
  94  11:38  Fleet Beacon  
  94  11:54  Nexus  
  94  11:56  Assimilator  
  94  12:01  Assimilator  
  94  12:07  Robotics Facility  
  94  12:09  Robotics Facility  
  94  12:15  Pylon  
  94  12:24  Pylon  
  100  12:30  Stalker x2  
  100  12:31  Stalker x3  
  110  12:44  Pylon  
  110  12:48  Pylon  
  110  12:54  Pylon  
  110  12:57  Pylon  
  110  13:01  Pylon  
  110  13:04  Pylon  
  110  13:08  Pylon, Probe (Chrono Boost)  
  111  13:18  Probe (Chrono Boost)  
  112  13:21  Stalker  
  114  13:29  Probe (Chrono Boost)  
  115  13:40  Void Ray  
  119  13:53  Stalker x2  
  123  13:56  Warp Prism  
  123  13:57  Observer  
  126  14:02  Sentry  
  126  14:03  Sentry x2  
  126  14:06  Stalker  
  134  14:28  Nexus  
  134  14:31  Assimilator  
  49  15:26  Mothership Core (Chrono Boost)  
  49  15:28  Stalker x2  
  47  15:29  Stalker x2  
  47  15:30  Stalker x5  
  47  15:31  Stalker  
  63  15:40  Probe (Chrono Boost)  
  64  15:51  Probe (Chrono Boost)  
  65  16:01  Probe (Chrono Boost)  
  65  16:02  Probe (Chrono Boost)  
  68  16:06  Probe (Chrono Boost)  
  68  16:11  Stalker  
  70  16:12  Probe (Chrono Boost)  
  70  16:13  Stalker, Probe (Chrono Boost)  
  70  16:18  Probe (Chrono Boost)  
  75  16:22  Probe (Chrono Boost)  
  75  16:23  Probe (Chrono Boost)  
  77  16:27  Stalker x3  
  77  16:30  Probe (Chrono Boost)  
  84  16:33  Probe (Chrono Boost), Immortal  
  89  16:59  Assimilator  
  89  17:06  Dark Templar x3  
  89  17:07  Dark Templar x5  
  89  17:08  Dark Templar  
  107  17:09  Dark Templar  
  71  17:33  Stalker  
  63  17:39  Stalker x3  
  63  17:40  Stalker x3, Void Ray  
  63  17:41  Stalker  
  77  17:45  Void Ray  
  85  18:13  Stalker x4  
  85  18:14  Stalker  
  85  18:15  Stalker  
  85  18:16  Stalker  
  99  18:24  Warp Prism  
  65  18:45  Stalker x3  
  65  18:48  Stalker  
  63  18:57  Stalker  
  63  18:58  Stalker x3  
  52  19:21  Pylon  
  52  19:24  Void Ray  
  52  19:27  Stalker  
  52  19:28  Stalker x2  
  62  19:32  Tempest x2  
  64  20:05  Nexus  
  64  20:07  Pylon  
  64  20:10  Pylon  
  64  20:14  Pylon  
  64  20:17  Pylon  
  52  21:11  Gateway  
Tags
 
Add a new tag
Caveats
  • Supply blocks, unpowered buildings, or Contaminate may cause inaccurate times.
  • Supply counts are checked every 10 seconds.